 Dungeon Crawl Stone Soup version 0.32-a0-913-g739538afd8 (webtiles) character file.

Game seed: 15093091444269536352

101 bronco the Chopper (level 4, -2/38 HPs)
             Began as a Mountain Dwarf Monk on Apr 8, 2024.
             Incinerated by a bombardier beetle (4 damage)
             ... with a burning spray
             ... on level 2 of the Dungeon.
             The game lasted 00:02:52 (1528 turns).

bronco the Chopper (Mountain Dwarf Monk)            Turns: 1528, Time: 00:02:52

Health: -2/38      AC:  5    Str: 14    XL:     4   Next: 48%
Magic:  9/9        EV: 10    Int: 12    God:
Gold:   55         SH:  0    Dex: 12    Spells: 9/9 levels left

rFire   . . .        a - +0 hand axe
rCold   . . .        d - orb {light}
rNeg    . . .        i - +0 ring mail
rPois   .            (no helmet)
rElec   .            (no cloak)
rCorr   .            (no gloves)
SInv    .            (no boots)
Will    .....        (no amulet) Stlth
                     (no ring)
HPRegen 0.26/turn    (no ring)
MPRegen 0.11/turn

%: no passive effects
@: confused, on fire, ambrosia-drunk, glowing
A: runic magic, artefact enchanting
a: no special abilities


You were on level 2 of the Dungeon.
You visited 1 branch of the dungeon, and saw 2 of its levels.

You collected 55 gold pieces.

Inventory:

Hand Weapons
 a - a +0 hand axe (weapon)
Armour
 b - a +1 robe
 d - an orb of light (worn)
 i - a +0 ring mail (worn)
Magical Staves
 l - a staff of fire
Wands
 g - a wand of flame (18)
Potions
 e - a potion of degeneration
 f - a potion of attraction


   Skills:
 - Level 3.2 Fighting
 - Level 3.6 Axes
 - Level 2.1 Dodging
 + Level 3.4 Spellcasting


You had 9 spell levels left.
You didn't know any spells.
Your spell library was empty.

Dungeon Overview and Level Annotations

Branches:
Dungeon (2/15)

Altars:


Innate Abilities, Weirdness & Mutations

Your spellcasting is much less encumbered by armour.
You can use scrolls of enchantment on lesser artefacts.


Message History

You hit the bombardier beetle but do no damage.
The bombardier beetle is severely wounded.
The liquid fire burns you!
You shake off some of the fire as you move.
The liquid fire burns you!
* * * LOW HITPOINT WARNING * * *
You shake off some of the fire as you move.
The liquid fire burns you!
* * * LOW HITPOINT WARNING * * *
You feel much better. The liquid fire burns you!
You hit the bombardier beetle but do no damage.
The bombardier beetle is severely wounded.
The liquid fire burns you!
The bombardier beetle sprays incendiary fluid at you.
The burning spray hits you.
You are even more covered in liquid fire!
You shake off some of the fire as you move.
The liquid fire burns you!
You shake off some of the fire as you move.
The liquid fire burns you!
The bombardier beetle bites you but does no damage.
You completely miss the bombardier beetle.
The bombardier beetle is severely wounded.
The liquid fire burns you!
You shake off some of the fire as you move.
The liquid fire burns you!
* * * LOW HITPOINT WARNING * * *
You hit the bombardier beetle but do no damage.
The bombardier beetle is severely wounded.
The liquid fire burns you!
* * * LOW HITPOINT WARNING * * *
The bombardier beetle closely misses you.
You shake off some of the fire as you move.
The liquid fire burns you!
* * * LOW HITPOINT WARNING * * *
You are confused.
You feel invigorated. The liquid fire burns you!
You die...

#,*,**,*,,*#.#.#*,*,***,*,******,
##,*,**,*,,*#.#.#*,*,**,*,,,,,,,,
.##,*,**,*,,*#.#.#*,*,*,**,******
#.##,*,**,,*,*#.#.##,,,,**,*
.#.##,*,**,,*,*#.#.##,,,**,*
#.#.##,*,**,,*,##.#.#*****,*
##.#.##,*,*,*,##B#.## *,*
.##.#.##,*,*,##.#.## ***,*
.###.#.##,*,##.#@## *,,,* ##
##.#.##,##.#.## *,***
##.#.###.#.## *,*
*****##.#.#.#.## *,*
,,,,,,##.#.#.## *,*
*******##.#.## *,* ,,,,,,* ##.##
*,* *****,* ##* *,* *,* *******
*>*


There were no monsters in sight!

Vanquished Creatures
  Terence (D:2)
  3 adders
  A ribbon worm (D:2)
  2 dart slugs (D:1)
  4 ball pythons
  4 endoplasms (D:1)
  A giant cockroach (D:1)
  2 hobgoblins
  4 jackals (D:2)
  3 kobolds (D:1)
  2 quokkas
  2 bats
  A frilled lizard (D:2)
  7 goblins
  4 rats
41 creatures vanquished.

Notes
Turn   | Place    | Note
-------+----------+-------------------------------------------
     0 | D:1      | bronco the Mountain Dwarf Monk began the quest for the Orb.
     0 | D:1      | Reached XP level 1. HP: 19/19 MP: 1/1
   144 | D:1      | Reached skill level 1 in Spellcasting
   215 | D:1      | You fall into a shaft and drop 1 floor!
   229 | D:2      | Reached XP level 2. HP: 22/26 MP: 2/4
   568 | D:1      | Reached XP level 3. HP: 31/31 MP: 6/6
  1025 | D:2      | Noticed Terence
  1217 | D:2      | Reached XP level 4. HP: 31/38 MP: 8/8
  1390 | D:2      | Killed Terence
  1527 | D:2      | HP: 1/38 [burnt (4)]
  1528 | D:2      | Incinerated by a bombardier beetle

Illustrated notes

Levels and vault maps discovered:
D:1:      dpeg_arrival_ternary, layout_basic, serial_corexii_hall,
          chequers_hall_statues_corner_a, corexii_hall_statues_l,
          corexii_hall_statues_l, chequers_hall_statues_corner_a
D:2:      minmay_inner_zag, layout_loops_ring,
          hellmonk_ecumenical_altar_watching_god, minivault_25, uniq_terence

Skill      XL: |  1  2  3 |
---------------+----------+-----
Spellcasting   | 1 2 3 |  3.4
Fighting       | |  3.2
Axes           | |  3.6
Dodging        | |  2.1

Action                     |  1- 3 |  4- 6 || total
---------------------------+-------+-------++-------
  Melee: Hand axe          |    98 |    45 ||   143
  Throw: Stone             |    33 |       ||    33
    Use: Scroll            |     4 |     4 ||     8
         Potion            |       |     2 ||     2
 Armour: Robe              |    61 |    15 ||    76
         Ring mail         |       |     8 ||     8
  Dodge: Dodged            |    67 |    18 ||    85

Table legend: (Time is in decaauts)
 A = Elapsed time spent in this place.
 B = Non-inter-level travel time spent in this place.
 C = Inter-level travel time spent in this place.
 D = Time resting spent in this place.
 E = Time spent auto-exploring this place.
 F = Levels seen in this place.
 G = Mean time per level.
                   A        B        C        D        E       F      G
               +--------+--------+--------+--------+--------+-----+--------+
         Total |   1548 |   1417 |    131 |     78 |    982 |   2 |  774.0 |
       Dungeon |   1548 |   1417 |    131 |     78 |    982 |   2 |  774.0 |
               +--------+--------+--------+--------+--------+-----+--------+

Top non-repeatable levels by time:
     D:1: 1138 daAuts
     D:2: 409 daAuts
